 Dungeon Crawl Stone Soup version 0.28-a0-1616-g050a50673c (webtiles) character file.

Game seed: 11730161574092297924

315 Sabo the Magician (level 6, -5/54 HPs)
             Began as a Troll Hedge Wizard on Jan 22, 2022.
             Was a Follower of Ru.
             Slain by an ogre (16 damage)
             ... on level 3 of the Dungeon.
             The game lasted 00:25:26 (4335 turns).

Sabo the Magician (Troll Hedge Wizard)              Turns: 4335, Time: 00:25:26

Health: -5/54      AC:  7    Str: 19    XL:     6   Next: 20%
Magic:  2/9        EV: 10    Int: 12    God:    Ru [*.....]
Gold:   139        SH:  0    Dex: 15    Spells: 9/10 levels left

rFire   . . .      SeeInvis .   b - +2 quarterstaff (chaos)
rCold   + . .      Faith    .   (shield currently unavailable)
rNeg    . . .      Spirit   .   r - +2 robe {rC+}
rPois   .          Reflect  .   c - +0 hat
rElec   .          Harm     .   s - +0 cloak
rCorr   .          Rampage  .   (gloves unavailable)
Will    .....                   (boots unavailable)
Stlth   ++........              (no amulet)
HPRegen 0.98/turn               a - +6 ring of dexterity
MPRegen 0.11/turn               (no ring)

@: no status effects
A: large, unfitting armour, claws 3, regeneration 1, shaggy fur 1, tough skin 1,
unskilled 1
a: Renounce Religion


You were on level 3 of the Dungeon.
You worshipped Ru.
Ru was aware of your devotion.
You visited 1 branch of the dungeon, and saw 3 of its levels.

You collected 139 gold pieces.

Inventory:

Hand Weapons
 b - a +2 quarterstaff of chaos (weapon)
 d - a +0 dagger of venom
 f - a +0 war axe
 k - a +0 hunting sling
Missiles
 g - 5 poisoned darts (quivered)
 h - 23 bolts
 p - 23 sling bullets
Armour
 c - a +0 hat (worn)
 r - a +2 robe of cold resistance (worn)
 s - a +0 cloak (worn)
Jewellery
 a - a +6 ring of dexterity (left claw)
Scrolls
 e - a scroll of magic mapping
 m - a scroll of teleportation
Potions
 l - a potion of flight
 n - a potion of invisibility {unknown}
 o - 2 potions of berserk rage {unknown}
 q - a potion of curing {unknown}


   Skills:
 + Level 0.8 Fighting
 + Level 1.2 Short Blades
 + Level 0.3 Staves
 + Level 2.5 Dodging
 + Level 1.2 Stealth
 + Level 2.6 Spellcasting
 + Level 1.9 Conjurations
 + Level 0.5 Summonings
 + Level 0.5 Translocations


You had 9 spell levels left.
You knew the following spells:

 Your Spells              Type           Power      Damage    Failure   Level
a - Magic Dart            Conj           24%        1d4       12%         1

Your spell library contained the following spells:

 Spells                   Type           Power      Damage    Failure   Level
 Summon Small Mammal      Summ           8%         N/A       21%         1
 Slow                     Hex            4%         N/A       26%         1
 Blink                    Tloc           4%         N/A       30%         2
 Call Imp                 Summ           2%         N/A       30%         2
 Conjure Flame            Conj/Fire      3%         6-21      45%         3
 Call Canine Familiar     Summ           2%         N/A       52%         3
 Mephitic Cloud           Conj/Pois/Air  3%         N/A       52%         3
 Summon Guardian Golem    Hex/Summ       2%         N/A       56%         3


Dungeon Overview and Level Annotations

Branches:
Dungeon (3/15)

Altars:
Ru


Innate Abilities, Weirdness & Mutations

You are too large for most types of armour.
You have claws for hands.
Your natural rate of healing is unusually fast.
You are covered in fur. (AC +1)
You have tough skin. (AC +1)
You are somewhat unskilled. (-1 Apt)


Message History

The gnoll hits you with a +0 spear!
The gnoll hits you from afar with a +0 spear.
The gnoll closely misses you.
The gnoll hits you from afar with a +0 spear!
You see here a +0 flail.
Casting: Magic Dart (safe; 12% risk of failure)
Confirm with . or Enter, or press ? or * to list all spells.
Aiming: Magic Dart (safe; 12% risk of failure)
Press: ? - help, Shift-Dir - straight line, f - gnoll
Aim: a gnoll, wielding a +0 spear (100% to hit)
The magic dart hits the gnoll but does no damage.
The gnoll hits you from afar with a +0 spear.
The gnoll closely misses you.
The gnoll hits you from afar with a +0 spear.
You see here a +0 flail.
You thump the gnoll! You freeze the gnoll.
The gnoll is almost dead.
The gnoll is stunned by your conviction and fails to attack.
The gnoll hits you but does no damage. x2
You completely miss the gnoll.
The gnoll is almost dead.
The gnoll misses you. The gnoll hits you but does no damage.
You thump the gnoll! You freeze the gnoll.
You kill the gnoll!
The gnoll hits you from afar with a +0 spear.
The gnoll barely misses you. The rat bites you but does no damage.
You hit the rat.
You kill the rat!
The gnoll hits you from afar with a +0 spear.
The ogre barely misses you.
You hit the ogre.
The ogre is lightly wounded.
The gnoll hits you from afar with a +0 spear!
* * * LOW HITPOINT WARNING * * *
The ogre hits you with a +0 giant club.
* * * LOW HITPOINT WARNING * * *
You sock the ogre! You freeze the ogre.
The ogre is severely wounded.
The gnoll closely misses you. The ogre hits you with a +0 giant club!
You die...

#...........# #
#...[.......#
#...........## #
#######^...........#
#
#..................#
#
#.#####.########...#
# #)# #.# #g..# #
#†# #.# #O# # #.#
#.########@#
#8...8#### # #.#
#........#.#
##.....##... #
#.############.#.#
8.....8#...##
#................#
#.....##.....
#..###########.###
8...8 #.....
.......# #.# ##>##
##.... ##.###.# #.#
##### #.... #.# #.#
#.# #.#####.... #.#
#.# #.# #..........


You could see an ogre and a gnoll.

Vanquished Creatures
  Sigmund (D:2)
  Crazy Yiuf (D:2)
  A howler monkey zombie (D:3)
  2 gnolls (D:3)
  3 adders
  3 dart slugs
  4 ball pythons
  10 endoplasms
  6 giant cockroaches
  7 goblins
  12 hobgoblins
  3 jackals (D:2)
  4 quokkas (D:1)
  6 bats
  5 frilled lizards
  4 kobolds
  4 rats
76 creatures vanquished.

Vanquished Creatures (others)
  2 fungi (D:1)
  4 plants (D:1)
6 creatures vanquished.

Grand Total: 82 creatures vanquished

Notes
Turn   | Place    | Note
-------+----------+-------------------------------------------
     0 | D:1      | Sabo the Troll Hedge Wizard began the quest for the Orb.
     0 | D:1      | Reached XP level 1. HP: 16/16 MP: 2/2
   422 | D:1      | Reached XP level 2. HP: 24/24 MP: 0/4
  1335 | D:1      | Reached XP level 3. HP: 31/31 MP: 5/5
  1369 | D:1      | Reached skill level 1 in Conjurations
  1398 | D:1      | Found a faded altar of an unknown god.
  1402 | D:1      | Prayed at the altar of an unknown god.
  1402 | D:1      | Became a worshipper of Ru the Awakened
  1405 | D:1      | Gained mutation: You are somewhat unskilled. (-1 Apt) [Ru
                  | sacrifice]
  1405 | D:1      | Reached * piety under Ru
  1505 | D:1      | Reached skill level 1 in Conjurations
  2497 | D:2      | Reached XP level 4. HP: 15/39 MP: 3/6
  3083 | D:2      | Noticed Sigmund
  3100 | D:2      | Killed Sigmund
  3101 | D:2      | Reached skill level 1 in Short Blades
  3101 | D:2      | Reached XP level 5. HP: 28/46 MP: 7/7
  3331 | D:2      | Found a runed translucent door.
  3332 | D:2      | Noticed Crazy Yiuf
  3343 | D:2      | Killed Crazy Yiuf
  3848 | D:3      | Reached XP level 6. HP: 54/54 MP: 3/8
  4335 | D:3      | Slain by an ogre

Illustrated notes

Levels and vault maps discovered:
D:1:      heliophobic_arrival_enchanted_forest, layout_basic,
          shapermc_ecumenical_altar_mp_urbaneastern, minmay_distorted
D:2:      layout_loops_ring, uniq_crazy_yiuf_cottage, uniq_sigmund
D:3:      layout_basic, nicolae_overflow_hidden_temple

Skill      XL: |  1  2  3  4 |
---------------+-------------+-----
Conjurations   | 1 |  1.9
Short Blades   | 1 |  1.2
Dodging        | 2 |  2.5
Fighting       | |  0.8
Staves         | |  0.3
Stealth        | |  1.2
Spellcasting   | |  2.6
Summonings     | |  0.5
Translocations | |  0.5

Action                   |  1- 3 |  4- 6 || total
-------------------------+-------+-------++-------
Melee: Dagger            |   154 |    34 ||   188
       Quarterstaff      |       |    33 ||    33
 Cast: Magic Dart        |    67 |    45 ||   112
Invok: Sacrifice Skill   |     1 |       ||     1
  Use: Potion            |     1 |     1 ||     2
       Scroll            |       |     3 ||     3
 Stab: Sleeping          |     1 |       ||     1
Armor: Robe              |    50 |    23 ||    73
Dodge: Dodged            |    91 |    35 ||   126

Table legend: (Time is in decaauts)
 A = Elapsed time spent in this place.
 B = Non-inter-level travel time spent in this place.
 C = Inter-level travel time spent in this place.
 D = Time resting spent in this place.
 E = Time spent auto-exploring this place.
 F = Levels seen in this place.
 G = Mean time per level.
                   A        B        C        D        E       F      G
               +--------+--------+--------+--------+--------+-----+--------+
         Total |   4341 |   4341 |      0 |   1724 |      0 |   3 | 1447.0 |
       Dungeon |   4341 |   4341 |      0 |   1724 |      0 |   3 | 1447.0 |
               +--------+--------+--------+--------+--------+-----+--------+

Top non-repeatable levels by time:
     D:1: 1892 daAuts
     D:2: 1563 daAuts
     D:3: 885 daAuts
